 Dungeon Crawl Stone Soup version 0.23.2-30-g0e89c35649 (webtiles) character file.

Game seed: 18164764650122881323

147 Hebeh the Conjurer (level 5, -7/28 HPs)
             Began as a Deep Elf Conjurer on June 14, 2019.
             Mangled by Sigmund
             ... wielding a +5 scythe of protection
              (9 damage)
             ... on level 2 of the Dungeon.
             The game lasted 00:05:29 (2004 turns).

Hebeh the Conjurer (Deep Elf Conjurer)              Turns: 2004, Time: 00:05:30

Health: -7/28      AC:  2    Str:  5    XL:     5   Next: 8%
Magic:  5/13       EV: 14    Int: 21    God:
Gold:   30         SH:  0    Dex: 15    Spells: 11/12 levels left

rFire    . . .     SeeInvis .   a - +0 short sword
rCold    . . .     Gourm    .   (no shield)
rNeg     . . .     Faith    .   b - +0 robe
rPois    .         Spirit   .   (no helmet)
rElec    .         Reflect  .   (no cloak)
rCorr    .         Harm     .   (no gloves)
MR       .....                  (no boots)
Stlth    +++.......             (no amulet)
HPRegen  0.09/turn              (no ring)
MPRegen  0.13/turn              (no ring)

@: no status effects
A: no striking features
a: no special abilities


You were on level 2 of the Dungeon.
You were not hungry.

You visited 1 branch of the dungeon, and saw 2 of its levels.

You collected 30 gold pieces.

Inventory:

Hand Weapons
 a - a +0 short sword (weapon)
 e - a +0 dagger
 j - a +0 war axe
Missiles
 f - 79 stones (quivered)
Armour
 b - a +0 robe (worn)
 m - a +0 robe
 n - a cursed +0 robe
Wands
 l - a wand of acid (8)
Scrolls
 k - a scroll of identify {unknown}
 o - a scroll of blinking {unknown}
Potions
 g - a potion of brilliance {unknown}
 h - 3 potions of mutation {unknown}
 i - a potion of curing {unknown}
Comestibles
 c - 7 rations
 d - a chunk of flesh


   Skills:
 + Level 3.7 Dodging
 + Level 4.0 Stealth
 + Level 4.3 Spellcasting
 + Level 5.1 Conjurations


You had 11 spell levels left.
You knew the following spells:

 Your Spells              Type           Power        Failure   Level  Hunger
a - Magic Dart            Conj           ####         1%          1    None

Your spell library contained the following spells:

 Spells                   Type           Power        Failure   Level  Hunger
 Searing Ray              Conj           ####..       1%          2    #......
 Dazzling Spray           Conj/Hex       ###...       12%         3    ##.....
 Iskenderun's Mystic Bla  Conj           ####....     14%         4    ####...
 Force Lance              Conj/Tloc      ###.....     36%         4    ####...
 Fulminant Prism          Conj/Hex       ###.......   36%         4    ####...


Dungeon Overview and Level Annotations

Branches:
Dungeon (2/15)

Altars:
Uskayaw

Annotations:
D:2 Sigmund


Message History

Press: ? - help, Shift-Dir - straight line, f/p - Sigmund
Aim: Sigmund, wielding a +5 scythe of protection and wearing a +2 robe of positive energy (moderately wounded)
The magic dart hits Sigmund but does no damage.
Sigmund is moderately wounded.
The goblin hits you.
Casting: Magic Dart (safe; 1% risk of failure)
Confirm with . or Enter, or press ? or * to list all spells.
Aiming: Magic Dart (safe; 1% risk of failure)
Press: ? - help, Shift-Dir - straight line, f/p - Sigmund
Aim: Sigmund, wielding a +5 scythe of protection and wearing a +2 robe of positive energy (moderately wounded)
The magic dart hits Sigmund.
Sigmund is heavily wounded.
Sigmund gestures at you while chanting. The magic dart hits you!
* * * LOW HITPOINT WARNING * * *
The goblin closely misses you.
You hit Sigmund but do no damage.
Sigmund is heavily wounded.
Sigmund hits you with a +5 scythe of protection!
You die...

........##..........
.....#.....#.####.#
.####.####.#.#).#.#
........÷..#.#..+.+
.###########.#'##.####
.....# #..........
##.#.# #.#'##.###
##.#÷#######.#..#.#
##.#.......#.#..@@+
##.#########.####g#
##.# #.. ... ##.# #.#
.##+ ##># #. .# ...#
.+ #### .# .. #.# #.#


You could see Sigmund and a goblin.

Vanquished Creatures
  A scorpion (D:2)
  Jessica (D:2)
  3 adders (D:2)
  A worm (D:2)
  A dart slug (D:1)
  A leopard gecko (D:1)
  8 bats
  A giant cockroach (D:1)
  5 goblins
  5 hobgoblins
  4 frilled lizards
  5 kobolds
  9 rats
45 creatures vanquished.

Notes
Turn   | Place    | Note
-------+----------+-------------------------------------------
     0 | D:1      | Hebeh the Deep Elf Conjurer began the quest for the Orb.
     0 | D:1      | Reached XP level 1. HP: 10/10 MP: 6/6
   176 | D:1      | Reached XP level 2. HP: 15/15 MP: 6/8
   556 | D:1      | You fall through a shaft!
   629 | D:2      | Found a hide-covered altar of Uskayaw.
   634 | D:2      | Reached XP level 3. HP: 19/19 MP: 5/10
  1595 | D:2      | Reached XP level 4. HP: 24/24 MP: 9/11
  1613 | D:2      | Noticed Jessica
  1616 | D:2      | Killed Jessica
  1616 | D:2      | Reached skill level 5 in Conjurations
  1690 | D:2      | Reached XP level 5. HP: 8/28 MP: 1/13
  1993 | D:2      | Noticed Sigmund
  2004 | D:2      | Mangled by Sigmund

Skill      XL: |  1  2  3  4 |
---------------+-------------+-----
Stealth        | 3 4 |  4.0
Dodging        | 3 |  3.7
Spellcasting   | 4 |  4.3
Conjurations   | 5 |  5.1

Action                   |  1- 3 |  4- 6 || total
-------------------------+-------+-------++-------
Melee: Short sword       |     3 |     1 ||     4
 Cast: Magic Dart        |    73 |    28 ||   101
  Eat: Chunk             |     2 |     1 ||     3
Armor: Robe              |     5 |       ||     5
Dodge: Dodged            |    10 |     9 ||    19
